 Dungeon Crawl Stone Soup version 0.25.0-9-g26727b657a (webtiles) character file.

Game seed: 3252686581102445950

81 mopl the Firebug (level 4, -5/36 HPs)
             Began as a Naga Fire Elementalist on June 18, 2020.
             Killed by divine providence
             ... invoked by a smoke demon
             ... created by the fury of Makhleb
              (11 damage)
             ... on level 2 of the Dungeon.
             The game lasted 00:03:08 (2236 turns).

mopl the Firebug (Naga Fire Elementalist)           Turns: 2236, Time: 00:03:09

Health: -5/36      AC:  3    Str: 10    XL:     4   Next: 40%
Magic:  8/8        EV: 10    Int: 16    God:
Gold:   89         SH:  5    Dex: 18    Spells: 0/8 levels left

rFire    . . .     SeeInvis +   b - +0 short sword
rCold    . . .     Gourm    .   (no shield)
rNeg     . . .     Faith    .   a - +0 robe
rPois    +         Spirit   .   (no helmet)
rElec    .         Reflect  +   j - scarf {harm}
rCorr    .         Harm     .   n - +0 pair of gloves
MR       .....                  (no barding)
Stlth    ++........             o - amulet of reflection
HPRegen  0.12/turn              g - +6 ring of dexterity
MPRegen  0.11/turn              (no ring)

@: very slow
A: large, see invisible, deformed body, poison resistance, slowness 2, slow
metabolism 1, spit poison 1, AC +1
a: Spit Poison


You were on level 2 of the Dungeon.
You were not hungry.

You visited 1 branch of the dungeon, and saw 3 of its levels.

You collected 89 gold pieces.

Inventory:

Hand Weapons
 b - a +0 short sword (weapon)
Armour
 a - a +0 robe (worn)
 j - a scarf of harm (worn)
 n - a +0 pair of gloves (worn)
Jewellery
 g - a +6 ring of dexterity (left hand)
 o - an amulet of reflection (around neck)
Scrolls
 l - a scroll of teleportation {unknown}
 m - a scroll of blinking {unknown}
Potions
 e - a potion of ambrosia
 f - a potion of heal wounds {unknown}
 h - a potion of curing {unknown}
 i - 2 potions of magic {unknown}
 k - a potion of brilliance
Comestibles
 c - 4 rations
 d - a chunk of flesh


   Skills:
 - Level 1.5 Dodging
 - Level 3.0 Stealth
 + Level 2.8 Spellcasting
 + Level 2.4 Conjurations
 + Level 3.8 Fire Magic


You couldn't memorise any spells.
You knew the following spells:

 Your Spells              Type           Power        Failure   Level  Hunger
a - Foxfire               Conj/Fire      ##..         5%          1    #......
c - Conjure Flame         Conj/Fire      ##......     16%         3    ###....
d - Sticky Flame          Conj/Fire      ##......     45%         4    #####..

Your spell library contained the following spells:

 Spells                   Type           Power        Failure   Level  Hunger
 Inner Flame              Hex/Fire       #.......     26%         3    ###....
 Fireball                 Conj/Fire      ##........   82%         5    ######.


Dungeon Overview and Level Annotations

Branches:
Dungeon (3/15)

Altars:
Makhleb


Innate Abilities, Weirdness & Mutations

You cannot wear boots.
Your serpentine skin is tough. (AC +1)
You have supernaturally acute eyesight. (SInv)
Armour fits poorly on your strangely shaped body.
Your system is resistant to poisons. (rPois)
You cover ground very slowly.
You have a slow metabolism.
You can spit poison.


Message History

The adder is almost dead.
The adder bites you. x2
Press: ? - help, Shift-Dir - straight line, f - adder
Aim: an adder (almost dead)
The splash of poison hits the adder.
You kill the adder!
You feel slightly more hungry.
Unknown command.
You start resting.
Eating one of 2 chunks of flesh.
You eat one of the 2 chunks of flesh.
This raw flesh tastes terrible.
You have got your breath back.
You start resting.
Makhleb sends a minion to punish you.
A smoke demon comes into view.
The smoke demon gestures at you. Makhleb smites you!
* * * LOW HITPOINT WARNING * * *
The smoke demon gestures at you. Makhleb smites you!
You die...

###################
[..[..).3...@.....##
#################..#
##.# #.# #รท#
######## #.#
#.)....#
######.###......#
..........'......'
#######.###......#


You could see a smoke demon.

Vanquished Creatures
  3 adders
  A worm (D:2)
  A dart slug (D:1)
  A leopard gecko (D:1)
  A giant cockroach (D:1)
  3 goblins (D:1)
  6 hobgoblins
  3 jackals (D:1)
  2 quokkas (D:2)
  9 bats
  5 frilled lizards
  5 kobolds
  8 rats
48 creatures vanquished.

Vanquished Creatures (collateral kills)
  A rat (D:1)
1 creature vanquished.

Vanquished Creatures (others)
  53 foxfires
53 creatures vanquished.

Grand Total: 102 creatures vanquished

Notes
Turn   | Place    | Note
-------+----------+-------------------------------------------
     0 | D:1      | mopl the Naga Fire Elementalist began the quest for the
                  | Orb.
     0 | D:1      | Reached XP level 1. HP: 15/15 MP: 3/3
   342 | D:1      | Reached XP level 2. HP: 10/22 MP: 3/5
   825 | D:1      | Reached XP level 3. HP: 8/28 MP: 1/6
  1040 | D:1      | Learned a level 3 spell: Conjure Flame
  1786 | D:2      | Found a faded altar of an unknown god.
  1791 | D:2      | Became a worshipper of Makhleb the Destroyer
  1791 | D:2      | Reached * piety under Makhleb
  1792 | D:2      | Fell from the grace of Makhleb
  2031 | D:2      | Reached XP level 4. HP: 35/36 MP: 8/8
  2043 | D:2      | Learned a level 4 spell: Sticky Flame
  2048 | D:2      | You fall into a shaft and drop 1 floor!
  2232 | D:2      | Noticed a smoke demon
  2236 | D:2      | Killed from afar by a smoke demon

Illustrated notes

Levels and vault maps discovered:
D:1:      moated_graveyard_arrival, layout_basic
D:2:      layout_basic, chequers_ecumenical_altar_lobes, first_ration
D:3:      layout_basic, uniq_crazy_yiuf_cottage

Skill      XL: |  1  2  3 |
---------------+----------+-----
Conjurations   | 2 |  2.4
Dodging        | |  1.5
Stealth        | |  3.0
Spellcasting   | |  2.8
Fire Magic     | |  3.8

Action                   |  1- 3 |  4- 6 || total
-------------------------+-------+-------++-------
Melee: Short sword       |    70 |    34 ||   104
 Cast: Foxfire           |    27 |     4 ||    31
Invok: Renounce Religion |     1 |       ||     1
 Abil: Spit Poison       |     6 |     1 ||     7
  Use: Scroll            |     3 |       ||     3
 Stab: Sleeping          |     7 |       ||     7
  Eat: Chunk             |     3 |     1 ||     4
Armor: Robe              |    19 |    15 ||    34
Dodge: Dodged            |    47 |    34 ||    81
Block: Other             |       |     3 ||     3
